AoeStats
← Pwncakes

Nomad

506675377Analyzed
2v2 RM · 19d ago on Sep 14, 2026· 28m 48s· 4 players
Game mode
Random Map
Map size
176×176
Population
200
Speed
Normal
Resources
Standard
Victory
Conquest
Starting age
Dark Age
Ending age
Imperial Age
RankedLock teamsTeams togetherTeam positionsShared explorationLock speedFull tech treeHidden civsTurbo modeCheats
Victory
Defeat
🇩🇪 Vikings · Germany
1324
+15
🇩🇪 Persians · Germany
1312
+15
🇺🇸 Muisca · United States
1320
-16
🇬🇧 Mongols · United Kingdom
1264
-14
Hate
4:37 Loom
14:46 Feudal Age
20:30 Castle Age
24:09 Fletching
Pwncakes
4:42 Loom
14:13 Feudal Age
14:56 Gold Mining
16:32 Double-Bit Axe
16:53 Fletching
17:33 Forging
20:46 Wheelbarrow
23:06 Castle Age
22:41 Padded Archer Armor
23:10 Stone Mining
24:30 Medium Warships
24:16 Bodkin Arrow
23:51 Crossbowman
24:47 Leather Archer Armor
28:29 Ballistics
28:25 Town Watch
28:56 Hand Cart
28:29 Town Watch
FRANKFURT
12:07 Feudal Age
22:11 Castle Age
22:54 Double-Bit Axe
24:36 Bow Saw
ananas_e
6:48 Loom
12:46 Feudal Age
18:42 Castle Age
17:54 Double-Bit Axe
19:04 Man-at-Arms
20:38 Long Swordsman
21:46 Gambesons
23:11 Scale Mail Armor
26:29 Bow Saw
26:50 Fletching
28:15 Chain Mail Armor
28:50 Squires
Connection lost

Rejoining the realm…

Still unreachable

The connection could not be restored.

Session expired

The server has moved on; the page needs a fresh start.